 Dungeon Crawl Stone Soup version 0.20.0-8-g6b59dc7 (webtiles) character file.

46 Hasart the Ducker (level 3, 0/26 HPs)
             Began as an Octopode Fighter on June 2, 2017.
             Slain by an adder (3 damage)
             ... on level 2 of the Dungeon.
             The game lasted 00:03:48 (1276 turns).

Hasart the Ducker (Octopode Fighter)                Turns: 1276, Time: 00:03:49

Health: 0/26       AC:  1    Str: 16    XL:     3   Next: 66%
Magic:  3/3        EV: 11    Int: 10    God:
Gold:   56         SH:  8    Dex: 11    Spells: 2/2 levels left

rFire    + . .     SeeInvis .   a - +0 flail
rCold    . . .     Gourm    .   b - +0 shield
rNeg     . . .     Faith    .   (helmet restricted)
rPois    .         Spirit   .   (no amulet)
rElec    .         Reflect  .   j - ring of protection from fire
rCorr    .         Harm     .   (no ring)
MR       .....                  (no ring)
Stlth    +++.......             (no ring)
Regen    0.1/turn               (no ring)
MPRegen  0.1/turn               (no ring)
                                (no ring)
                                (no ring)

@: lethally poisoned (0 -> -11), flying
A: almost no armour, stealthy swim, amphibious, 8 rings, constrict 8, camouflage
1, gelatinous body 1
a: no special abilities


You were on level 2 of the Dungeon.
You were not hungry.

You visited 1 branch of the dungeon, and saw 2 of its levels.

You collected 56 gold pieces.

Inventory:

Hand Weapons
 a - a +0 flail (weapon)
Missiles
 i - 4 javelins (quivered)
Armour
 b - a +0 shield (worn)
Jewellery
 j - a ring of protection from fire (left tentacle)
Scrolls
 f - 3 scrolls of identify {unknown}
 g - 2 scrolls of remove curse {unknown}
Potions
 c - a potion of might
Comestibles
 d - 2 bread rations
 h - a chunk of flesh
 k - a meat ration


   Skills:
 + Level 3.1 Fighting
 * Level 2.8 Maces & Flails
 + Level 0.0 Throwing
 + Level 3.3 Dodging
 + Level 1.9 Stealth
 + Level 3.2 Shields


You had 2 spell levels left.
You didn't know any spells.

Dungeon Overview and Level Annotations

Branches:
Dungeon (2/15)

Altars:
Makhleb


Innate Abilities, Weirdness & Mutations

You cannot wear most types of armour.
You are very stealthy in the water. (Stealth+)
You are amphibious.
You can wear up to eight rings at the same time.
You can use your tentacles to constrict eight enemies at once.
Your skin changes colour to match your surroundings (Stealth+).
Your rubbery body absorbs attacks. (AC +1, EV +1)


Message History

* * * LOW HITPOINT WARNING * * *
You feel sick. The adder closely misses you.
Your shield prevents you from hitting the adder.
Your grab misses the adder. Your squeeze misses the adder.
* * * LOW HITPOINT WARNING * * *
You feel sick. You block the adder's attack. x2
Unknown command.
You are too injured to fight recklessly!
It was a potion of flight.
You feel very buoyant.
You fly up into the air.
* * * LOW HITPOINT WARNING * * *
You feel sick. The adder bites you.
* * * LOW HITPOINT WARNING * * *
You are more poisoned.
The adder poisons you!
You barely miss the adder. Your grab misses the adder.
* * * LOW HITPOINT WARNING * * *
You feel sick. The adder bites you.
You die...

. ## <. .. #.# #.. #(####
#.#### #.#.##.... ##.#..
......... .....#
....##.S# ##. ......
.......@# #.. ...#.#
....#...# #.# ...#.# #
#...# #..
...#.#####.#.#...# #.#
.............#...# #.#
##.........# #)#.# #.#
####.#########.#.######.#
# #.# ##.##..........# #
#.### #.......######.#


You could see an adder.

Vanquished Creatures
  A gnoll (D:1)
  An adder (D:2)
  A ball python (D:1)
  5 bats
  2 bat zombies (D:1)
  3 giant cockroaches (D:1)
  2 goblins
  3 hobgoblins (D:1)
  A quokka (D:2)
  2 frilled lizards (D:1)
  3 kobolds
  A rat (D:1)
25 creatures vanquished.

Notes
Turn   | Place    | Note
-------+----------+-------------------------------------------
     0 | D:1      | Hasart the Octopode Fighter began the quest for the Orb.
     0 | D:1      | Reached XP level 1. HP: 16/16 MP: 1/1
   180 | D:1      | Reached XP level 2. HP: 21/21 MP: 2/2
   588 | D:1      | Reached XP level 3. HP: 26/26 MP: 3/3
   727 | D:1      | Reached skill level 1 in Stealth
  1106 | D:2      | Found a burning altar of Makhleb.
  1276 | D:2      | Slain by an adder

Skill      XL: |  1  2  3 |
---------------+----------+-----
Stealth        | 1 |  1.9
Fighting       | |  3.1
Maces & Flails | |  2.8
Dodging        | |  3.3
Shields        | |  3.2

Action                   || total
-------------------------++-------
Melee: Flail             ||    52
       Constrict         ||    11
       Tentacles         ||     7
  Use: Potion            ||     1
 Stab: Sleeping          ||     9
  Eat: Chunk             ||     1
Armor: Skin              ||    10
Dodge: Dodged            ||    22
Block: Shield            ||    27
